 Dungeon Sprint DCSS version 0.29-a0-364-g921d912d32 (webtiles) character file.

Game seed: 11363581141145890528

254 mhtbhm the Unseen (level 5, -5/28 HPs)
             Began as a Spriggan Brigand on Apr 30, 2022.
             Splashed by a jelly's acid (10 damage)
             ... in the Dungeon (Sprint I: "Red Sonja").
             The game lasted 00:00:29 (81 turns).

mhtbhm the Unseen (Spriggan Brigand)                  Turns: 81, Time: 00:00:31

Health: -5/28      AC: -9    Str:  7    XL:     5   Next: 90%
Magic:  6/6        EV: 17    Int: 13    God:
Gold:   162        SH:  0    Dex: 18    Spells: 4/4 levels left

rFire   . . .      SeeInvis +   a - +2 dagger
rCold   . . .      Faith    .   (no shield)
rNeg    . . .      Spirit   .   b - +0 robe
rPois   .          Reflect  .   (helmet restricted)
rElec   .          Harm     .   c - +0 cloak
rCorr   .          Rampage  .   (gloves unavailable)
Will    .....      NoTele   +   (boots unavailable)
Stlth   ++++++....              (no amulet)
HPRegen 0.09/turn               (no ring)
MPRegen 0.10/turn               (no ring)

@: corroded, very quick
A: very small, no large weapons, unfitting armour, see invisible, speed 3
a: no special abilities


You were in the Dungeon.
You visited 1 branch You collected 162 gold pieces.

Inventory:

Hand Weapons
 a - a +2 dagger (weapon)
Missiles
 d - 9 poisoned darts
 e - 3 curare-tipped darts (quivered)
Armour
 b - a +0 robe (worn)
 c - a +0 cloak (worn)
Wands
 l - a wand of flame (10)
Scrolls
 k - a scroll of blinking
Potions
 f - a potion of curing
 g - a potion of heal wounds
 h - a potion of haste
 i - 2 potions of magic
 j - a potion of berserk rage
 m - a potion of ambrosia {unknown}


   Skills:
 + Level 3.1 Fighting
 + Level 4.6 Short Blades
 + Level 4.6 Throwing
 + Level 2.0 Dodging
 + Level 16.4 Stealth


You had 4 spell levels left.
You didn't know any spells.
Your spell library was empty.

Dungeon Overview and Level Annotations

Branches:
Dungeon (1/1)

Altars:
Sif Muna
Vehumet
Wu Jian


Innate Abilities, Weirdness & Mutations

You are very small and have problems with some larger weapons.
You are too small for most types of armour.
You have supernaturally acute eyesight. (SInv)
You cover ground extremely quickly. (Speed+++)


Message History

Your Fighting skill increases to level 3!
Your Short Blades skill increases to level 4!
Your Throwing skill increases to level 4!
Your Dodging skill increases to level 2!
Your Stealth skill gained 4 levels and is now at level 16!
You have reached level 5!
You feel clever.
Unknown command.
Things that are here:
a +2 scythe of flaming; a +0 robe; the human corpse of Sigmund You open the door.
Found 108 gold pieces.
There is an open door here.
You now have 81 gold pieces (gained 27).
You now have 108 gold pieces (gained 27).
You now have 135 gold pieces (gained 27).
You now have 162 gold pieces (gained 27).
You open the door.
Found 24 stones and 9 gold pieces.
Found two altars.
A jelly comes into view.
There is an open door here.
Found a radiant altar of Vehumet.
The jelly quivers.
You see here 24 stones.
You see here 9 gold pieces.
The jelly hits you but does no damage.
There is an ornate altar of the Wu Jian Council here.
You hit the jelly.
Your hands burn!
The jelly is lightly wounded.
The jelly hits you. The acid corrodes you!
You are splashed with acid!
You hit the jelly. The acid corrodes you!
Your hands burn!
The jelly is moderately wounded.
The jelly completely misses you.
You hit the jelly but do no damage. The acid corrodes you!
Your hands burn!
* * * LOW HITPOINT WARNING * * *
The jelly is moderately wounded.
The jelly hits you.
* * * LOW HITPOINT WARNING * * *
The acid corrodes you!
You are splashed with acid!
You die...

################
#<.#.)'..#.)'..#
#..'..#..'..#..+
#..#####'#####'#
#.)# #..# #(#
#..# #### ##$#
#..# #+#_.+ #⌠⌠#
+.@J_# ####
#_.#+# ##+#


You could see a jelly.

Vanquished Creatures
  Sigmund (D)
  An ogre (D)
  Ijyb (D)
3 creatures vanquished.

Notes
Turn   | Place    | Note
-------+----------+-------------------------------------------
     0 | D        | mhtbhm the Spriggan Brigand began the quest for the Orb.
     0 | D        | Reached XP level 1. HP: 10/10 MP: 2/2
     1 | D        | Noticed Ijyb
     4 | D        | Killed Ijyb
     5 | D        | Reached skill level 9 in Stealth
     5 | D        | Reached XP level 2. HP: 15/15 MP: 3/3
     8 | D        | Noticed an ogre
    25 | D        | Killed an ogre
    26 | D        | Reached skill level 12 in Stealth
    26 | D        | Reached XP level 3. HP: 19/19 MP: 4/4
    26 | D        | Reached XP level 4. HP: 23/23 MP: 5/5
    56 | D        | Noticed Sigmund
    59 | D        | Killed Sigmund
    60 | D        | Reached skill level 16 in Stealth
    60 | D        | Reached XP level 5. HP: 28/28 MP: 6/6
    73 | D        | Found an ornate altar of the Wu Jian Council.
    73 | D        | Found a shimmering blue altar of Sif Muna.
    75 | D        | Found a radiant altar of Vehumet.
    81 | D        | Splashed by a jelly's acid

Illustrated notes

Levels and vault maps discovered:
D:        dungeon_sprint_1 [red_sonja_temple_1, red_sonja_temple_small_1]

Skill      XL: |  1  2  3  4 |
---------------+-------------+-----
Fighting       | 2 3 |  3.1
Stealth        | 9 12 16 | 16.4
Short Blades   | 3 4 |  4.6
Throwing       | 3 4 |  4.6
Dodging        | 2 |  2.0

Action                   |  1- 3 |  4- 6 || total
-------------------------+-------+-------++-------
Melee: Dagger            |     2 |     4 ||     6
Throw: Dart              |     5 |       ||     5
 Stab: Sleeping          |     1 |     1 ||     2
Armor: Robe              |       |     1 ||     1
Dodge: Dodged            |     1 |     1 ||     2

Table legend: (Time is in decaauts)
 A = Elapsed time spent in this place.
 B = Non-inter-level travel time spent in this place.
 C = Inter-level travel time spent in this place.
 D = Time resting spent in this place.
 E = Time spent auto-exploring this place.
 F = Levels seen in this place.
 G = Mean time per level.
                   A        B        C        D        E       F      G
               +--------+--------+--------+--------+--------+-----+--------+
         Total |     57 |     57 |      0 |      0 |      0 |   1 |   57.0 |
       Dungeon |     57 |     57 |      0 |      0 |      0 |   1 |   57.0 |
               +--------+--------+--------+--------+--------+-----+--------+

Top non-repeatable levels by time:
       D: 57 daAuts
